 Seeded DCSS version 0.29-a0-473-gacb4ef3 (webtiles) character file.

Game seed: 4762294162950122597 (custom seed)

142 Illumine the Grasshopper (level 5, -1/30 HPs)
             Began as a Deep Elf Warper on May 23, 2022.
             Splashed by a jelly's acid (8 damage)
             ... on level 2 of the Dungeon.
             The game lasted 00:10:54 (3661 turns).

Illumine the Grasshopper (Deep Elf Warper)          Turns: 3661, Time: 00:10:55

Health: -1/30      AC:  1    Str: 10    XL:     5   Next: 3%
Magic:  11/11      EV: 12    Int: 18    God:
Gold:   83         SH:  0    Dex: 14    Spells: 5/10 levels left

rFire   . . .      SeeInvis .   k - +1 dagger (vamp)
rCold   + . .      Faith    .   (no shield)
rNeg    . . .      Spirit   .   f - +2 leather armour {rC+}
rPois   .          Reflect  .   (no helmet)
rElec   .          Harm     .   (no cloak)
rCorr   .          Rampage  .   (no gloves)
Will    .....                   (no boots)
Stlth   ++........              e - amulet of the acrobat
HPRegen 0.10/turn               m - ring of flight
MPRegen 0.12/turn               p - +4 ring of protection

@: corroded, flying
A: no striking features
a: no special abilities


You were on level 2 of the Dungeon.
You visited 1 branch of the dungeon, and saw 3 of its levels.

You collected 109 gold pieces.
You spent 26 gold pieces at shops.

Inventory:

Hand Weapons
 a - a +0 hand axe
 k - a +1 vampiric dagger (weapon)
Armour
 f - a +2 leather armour of cold resistance (worn)
Jewellery
 e - an amulet of the acrobat (around neck)
 m - a ring of flight (left hand)
 p - a +4 ring of protection (right hand)
Scrolls
 b - a scroll of magic mapping
 c - 2 scrolls of blinking
 h - a scroll of enchant armour {unknown}
 i - a scroll of fog
 j - a scroll of amnesia {unknown}
 l - a scroll of enchant weapon {unknown}
 q - a scroll of identify
Potions
 g - 2 potions of brilliance
 o - a potion of resistance {unknown}
 r - 2 potions of berserk rage {unknown}


   Skills:
 - Level 1.7 Fighting
 + Level 3.2 Short Blades
 - Level 2.3 Axes
 - Level 1.0 Throwing
 - Level 0.7 Armour
 - Level 2.4 Dodging
 - Level 2.1 Stealth
 - Level 3.0 Spellcasting
 + Level 3.6 Translocations


You had 5 spell levels left.
You knew the following spells:

 Your Spells              Type           Power      Damage    Failure   Level
a - Blink                 Tloc           30%        N/A       8%          2
b - Gell's Gravitas       Tloc           15%        N/A       14%         3

Your spell library contained the following spells:

 Spells                   Type           Power      Damage    Failure   Level
 Lesser Beckoning         Tloc           15%        N/A       14%         3
 Teleport Other           Tloc           15%        N/A       14%         3
 Shock                    Conj/Air       8%         1d3       22%         1
 Sublimation of Blood     Necr           2%         N/A       32%         2
 Wereblood                Tmut           2%         N/A       32%         2
 Swiftness                Air            2%         N/A       54%         3
 Manifold Assault         Tloc           15%        N/A       80%         5
 Airstrike                Air            1%         N/A       91%         4
 Summon Hydra             Summ           1%         N/A       100%        7


Dungeon Overview and Level Annotations

Branches:
Dungeon (3/15)

Altars:
Elyvilon

Shops:
D:1 *


Message History

A jelly is nearby!
You see here a +0 spear.
You start resting.
A jelly is nearby!
You start resting.
A jelly is nearby!
The jelly quivers.
You hit the jelly.
You feel better.
Your hands burn!
The jelly is lightly wounded.
The jelly barely misses you.
You hit the jelly.
Your hands burn!
The jelly is lightly wounded.
The jelly hits you but does no damage.
You hit the jelly.
You feel better.
Your hands burn!
The jelly is moderately wounded.
The jelly barely misses you.
You hit the jelly.
You feel better.
Your hands burn!
The jelly is moderately wounded.
The jelly barely misses you.
You hit the jelly but do no damage.
Your hands burn!
The jelly is moderately wounded.
The jelly closely misses you.
You hit the jelly.
Your hands burn!
The jelly is heavily wounded.
The jelly closely misses you.
You hit the jelly.
You feel better.
Your hands burn!
The jelly is heavily wounded.
You hit the jelly.
Your hands burn!
The jelly is severely wounded.
The jelly completely misses you.
You hit the jelly.
Your hands burn!
The jelly is almost dead.
The jelly barely misses you.
You hit the jelly. The acid corrodes you!
Your hands burn!
* * * LOW HITPOINT WARNING * * *
The jelly is almost dead.
The jelly hits you.
* * * LOW HITPOINT WARNING * * *
The acid corrodes you!
You are splashed with acid!
You die...

..## ##.##J.## #.# #.#
#..## #.......# #.#
#.########## ##..##
#.#####)# #.# #<#.........
.##..###.# #.###.#
#.#.######## ..#...#..#
#..##.# #g#.#
#...#...#######.##.###g#.#
#..##..##...........##.#.#
..##..###.######J#..##.#.#
.##..## #.# #@#..##.#.####
##..#####.# #.#..##.#....#
#..##...J.# #.#..##.####.#
..###J##### #....##.####.#
.## #.# #...###......# ##
#.# #...##.....### # #J#
#..........# #.#
##.>##.....# #.######
##.##.....#


You could see a jelly.

Vanquished Creatures
  An orc wizard (D:3)
  2 gnolls
  3 adders
  3 worms
  2 orcs (D:3)
  7 endoplasms
  4 giant cockroaches
  A goblin (D:1)
  6 hobgoblins
  8 jackals
  A quokka (D:1)
  3 ball pythons
  5 bats
  6 frilled lizards
  3 kobolds
  5 rats
60 creatures vanquished.

Notes
Turn   | Place    | Note
-------+----------+-------------------------------------------
     0 | D:1      | Illumine the Deep Elf Warper began the quest for the Orb.
     0 | D:1      | Reached XP level 1. HP: 12/12 MP: 6/6
   475 | D:1      | Reached XP level 2. HP: 12/16 MP: 8/8
   544 | D:1      | Found Byink's General Store.
   552 | D:1      | Bought a scroll of identify for 26 gold pieces
   560 | D:1      | Learned a level 2 spell: Blink
   955 | D:1      | Reached skill level 1 in Short Blades
  1112 | D:1      | Reached skill level 1 in Stealth
  1250 | D:2      | Reached XP level 3. HP: 20/20 MP: 9/9
  1777 | D:2      | Learned a level 3 spell: Gell's Gravitas
  1929 | D:2      | Reached XP level 4. HP: 25/25 MP: 10/10
  2997 | D:3      | Found a white marble altar of Elyvilon.
  3102 | D:3      | HP: 1/26 [orc/+0 club (3)]
  3572 | D:2      | Reached XP level 5. HP: 20/30 MP: 11/11
  3661 | D:2      | Splashed by a jelly's acid

Illustrated notes

Levels and vault maps discovered:
D:1:      lightli_arrival_boilingwater, layout_basic, serial_shops, shop
D:2:      minmay_alternating_diamond, layout_basic
D:3:      layout_basic, kiku_gazebo_garden_becter, mainiacjoe_overflow_brackets,
          hangedman_decor_growths, nicolae_elevator_lobby_plus

Skill      XL: |  1  2  3  4 |
---------------+-------------+-----
Axes           | 2 |  2.3
Short Blades   | 1 2 3 |  3.2
Stealth        | 1 2 |  2.1
Fighting       | |  1.7
Throwing       | |  1.0
Armour         | |  0.7
Dodging        | |  2.4
Spellcasting   | |  3.0
Translocations | |  3.6

Action                   |  1- 3 |  4- 6 || total
-------------------------+-------+-------++-------
Melee: Hand axe          |    62 |       ||    62
       Punch             |     4 |     1 ||     5
       Dagger            |   132 |   177 ||   309
Throw: Boomerang         |     1 |     6 ||     7
 Cast: Gell's Gravitas   |       |     3 ||     3
       Blink             |       |     1 ||     1
  Use: Scroll            |     3 |       ||     3
       Potion            |       |     1 ||     1
 Stab: Sleeping          |     2 |       ||     2
Armor: Leather armour    |    52 |    43 ||    95
Dodge: Dodged            |   151 |   115 ||   266

Table legend: (Time is in decaauts)
 A = Elapsed time spent in this place.
 B = Non-inter-level travel time spent in this place.
 C = Inter-level travel time spent in this place.
 D = Time resting spent in this place.
 E = Time spent auto-exploring this place.
 F = Levels seen in this place.
 G = Mean time per level.
                   A        B        C        D        E       F      G
               +--------+--------+--------+--------+--------+-----+--------+
         Total |   3649 |   3496 |    153 |   1183 |   1049 |   3 | 1216.3 |
       Dungeon |   3649 |   3496 |    153 |   1183 |   1049 |   3 | 1216.3 |
               +--------+--------+--------+--------+--------+-----+--------+

Top non-repeatable levels by time:
     D:1: 1549 daAuts
     D:2: 1262 daAuts
     D:3: 837 daAuts
